 Dungeon Crawl Stone Soup version 0.32-a0-928-g1cae6b7ea0 (webtiles) character file.

Game seed: 5238075464244754818

22089 jasper the Grappler (level 12, -4/183 HPs)
             Began as a Troll Delver on Apr 12, 2024.
             Was an Elder of Trog.
             Slain by a two-headed ogre
             ... wielding a +0 dire flail
              (9 damage)
             ... on level 2 of the Orcish Mines.
             The game lasted 00:19:15 (8746 turns).

jasper the Grappler (Troll Delver)                  Turns: 8746, Time: 00:19:16

Health: -4/183     AC: 26    Str: 27    XL:     12   Next: 59%
Magic:  0/11       EV:  1    Int:  6    God:    Trog [****..]
Gold:   854        SH:  0    Dex: 11    Spells: 11/11 levels left

rFire   . .          .
                       - Unarmed
rCold   . . .        (no shield)
rNeg    . . .        K - melded +0 steam dragon scales
rPois   +            y - melded +2 hat "Ejint" {rF+ Int+5}
rElec   .            (cloak currently unavailable)
rCorr   .            (gloves unavailable)
SInv    .            (boots unavailable)
Will    ++...        J - amulet of guardian spirit
Stlth   ++           h - ring of poison resistance
HPRegen 2.30/turn    k - +5 ring of evasion
MPRegen 0.12/turn

%: guardian spirit
@: tree-form, strong-willed, on berserk cooldown, regenerating, hasted and
slowed
A: stationary, stasis, torment immunity, boosted hp, large, unfitting armour,
(claws 3), regeneration 1, (shaggy fur 1), (tough skin 1)
a: Renounce Religion, Berserk, Trog's Hand, Brothers in Arms


You were on level 2 of the Orcish Mines.
You worshipped Trog.
Trog was greatly pleased with you.
You were a tree.
You visited 2 branches of the dungeon, and saw 12 of its levels.

You collected 1043 gold pieces.
You spent 189 gold pieces at shops.

Inventory:

Missiles
 g - 4 boomerangs (quivered)
 u - 95 stones
Armour
 a - a +1 robe
 y - the +2 hat "Ejint" (melded) {rF+ Int+5}
   (You acquired it on level 6 of the Dungeon)

   Int+5:     It affects your intelligence (+5).
   rF+:       It protects you from fire.
 K - +0 steam dragon scales (melded)
Jewellery
 h - a ring of poison resistance (left branch)
 k - a +5 ring of evasion (right branch)
 x - an amulet of faith
 G - a ring of positive energy
 J - an amulet of guardian spirit (around neck)
Talismans
 p - a flux talisman
 v - a flux talisman
 B - a blade talisman
Wands
 f - a wand of digging (3)
 t - a wand of flame (33)
 z - a wand of light (7)
 E - a wand of mindburst (9)
Scrolls
 b - a scroll of fog
 n - a scroll of noise
 q - a scroll of teleportation
 s - a scroll of summoning
 w - a scroll of vulnerability
 C - a scroll of poison
 D - 2 scrolls of immolation
Potions
 e - a potion of haste
 j - 5 potions of mutation
 l - 3 potions of brilliance
 m - a potion of berserk rage
 o - 3 potions of might
 r - 3 potions of cancellation
 A - a potion of lignification
 F - a potion of attraction
 I - a potion of resistance {unknown}
 L - a potion of heal wounds {unknown}


   Skills:
 + Level 8.8 Fighting
 + Level 8.6 Dodging
 - Level 2.7 Stealth
 * Level 14.1 Unarmed Combat
 - Level 7.0 Shapeshifting


You had 11 spell levels left.
You didn't know any spells.
Your spell library was empty.

Dungeon Overview and Level Annotations

Branches:
Dungeon (10/15)            Temple (0/1) D:6            Lair (0/5) D:9
    Orc (2/2) D:10            Elf (0/3) Orc:2

Altars:
Cheibriados
Gozag
Kikubaaqudgha
Makhleb
Nemelex Xobeh
Okawaru
Qazlal
Trog
Uskayaw
Vehumet
Wu Jian
Xom
Yredelemnul

Shops:
D:5 *   D:6 (   Orc:1 (

Annotations:
D:8 2 transporters, Livid's ghost, novice DjSh


Innate Abilities, Weirdness & Mutations

You are a tree.
Your roots penetrate the ground, keeping you stationary.
You cannot be teleported.
You are immune to unholy pain and torment.
Your maximum health is greatly increased.
Your equipment is partially melded.
You are too large for most types of armour.
((You have claws for hands.))
Your natural rate of healing is unusually fast.
((You are covered in fur. (AC +1)))
((You have tough skin. (AC +1)))


Message History

The two-headed ogre is lightly wounded.
The two-headed ogre hits you with a +0 dire flail!!
* * * LOW HITPOINT WARNING * * *
The two-headed ogre hits you but does no damage.
You take 15 damage, and have 35/183 hp.
You completely miss the two-headed ogre.
The two-headed ogre is lightly wounded.
The two-headed ogre hits you with a +0 giant club.
* * * LOW HITPOINT WARNING * * *
The two-headed ogre hits you with a +0 giant club.
* * * LOW HITPOINT WARNING * * *
The two-headed ogre hits you but does no damage.
The two-headed ogre hits you with a +0 giant spiked club!
* * * LOW HITPOINT WARNING * * *
You take 16 damage, and have 19/183 hp.
You now have 1/11 mp.
You feel better.
The two-headed ogre hits you but does no damage.
The two-headed ogre hits you with a +0 giant club!
* * * LOW HITPOINT WARNING * * *
The two-headed ogre hits you with a +0 dire flail!
* * * LOW HITPOINT WARNING * * *
The two-headed ogre hits you but does no damage.
You take 12 damage, and have 7/183 hp.
You now have 0/11 mp.
You feel yourself speed up.
The two-headed ogre hits you but does no damage. x2
An ogre mage comes into view. It is wielding a +0 flail.
The two-headed ogre hits you with a +0 dire flail.
* * * LOW HITPOINT WARNING * * *
The two-headed ogre hits you with a +0 giant spiked club.
* * * LOW HITPOINT WARNING * * *
You take 1 damage, and have 6/183 hp.
Okay, then.
Okay, then.
You feel better.
The two-headed ogre hits you with a +0 giant club.
* * * LOW HITPOINT WARNING * * *
The two-headed ogre hits you with a +0 giant club.
* * * LOW HITPOINT WARNING * * *
The two-headed ogre hits you with a +0 dire flail!
You die...

,,,,,,,,,,,* ##........##
,,,,,,,,,,,* ###.........#**
,,,,,,,,*,,* #.............*
,,,,,,,*#.,* #.......##....****
,,,,,**##.,*####.....#####....,,*
***#####..,*#........# ***....,,,
,,,.......####.O.....###,,,,,,,,,
,,,........##.#OO).....#.,,,,,***
,,,..........O)#♣).......,,,,**
,,,..........O#####......,,,,*
,,,......O...O# *......,,,**
,,,.....#....## *......,,,**
,,,.......O...#* **,.....,,,,**
,,,.......$....#**,,,,,..,,,*,*
,,,...........##,,,,,,,,.,,,*****
,,,..........#.#,,,,,,,*,,,,,,,,*
,,,........#.....,,,,,**,,,,,,,,,


You could see 2 two-headed ogres and an ogre mage.

Vanquished Creatures
  Josephine (D:10)
  3 ogre magi
  Erica (D:8)
  8 two-headed ogres
  2 orc knights
  4 orc sorcerers
  An unseen horror (D:10)
  4 trolls
  Prince Ribbit (D:9)
  A wyvern (D:9)
  A shadow (D:9)
  5 wraiths (D:10)
  2 steam dragons
  4 yaks (D:8)
  A warg (D:10)
  A swamp worm (D:7)
  2 water moccasins (D:7)
  13 orc warriors
  3 black bears
  An ice beast (D:5)
  3 sky beasts
  29 ogres
  4 centaurs
  A phantom (D:5)
  3 kobold brigands
  2 bullfrogs
  2 scorpions
  14 wights
  3 howler monkeys (D:7)
  4 crimson imps (D:5)
  3 bombardier beetles
  2 gnoll boudas
  4 hounds
  A jelly (D:5)
  19 orc priests
  2 sleepcaps
  3 iguanas
  17 orc wizards
  14 gnolls
  9 adders
  A shadow imp (D:5)
  2 white imps (D:6)
  2 ufetubi (D:5)
  2 dart slugs
  3 ribbon worms
  46 orcs
  11 ball pythons
  10 endoplasms
  A giant cockroach (D:2)
  9 goblins
  7 hobgoblins
  9 jackals
  5 quokkas
  2 bats
  4 frilled lizards
  19 kobolds
  5 rats
336 creatures vanquished.

Vanquished Creatures (collateral kills)
  An orc sorcerer (Orc:1)
  An orc warrior (Orc:1)
  3 orcs (Orc:1)
5 creatures vanquished.

Vanquished Creatures (others)
  An orc (Orc:2)
1 creature vanquished.

Grand Total: 342 creatures vanquished

Notes
Turn   | Place    | Note
-------+----------+-------------------------------------------
     0 | D:5      | jasper the Troll Delver began the quest for the Orb.
     0 | D:5      | Reached XP level 1. HP: 22/22 MP: 0/0
    25 | D:5      | Became a worshipper of Trog the Wrathful
    54 | D:5      | Noticed a bombardier beetle
    75 | D:5      | Killed a bombardier beetle
    76 | D:5      | Reached XP level 2. HP: 26/29 MP: 1/1
    76 | D:5      | Reached XP level 3. HP: 33/36 MP: 2/2
    90 | D:5      | Reached skill level 3 in Unarmed Combat
    94 | D:5      | Reached XP level 4. HP: 39/45 MP: 3/3
   102 | D:5      | HP: 2/45 [hound (1)]
   114 | D:5      | Reached skill level 4 in Unarmed Combat
   114 | D:5      | Reached XP level 5. HP: 33/53 MP: 4/4
   488 | D:2      | Reached * piety under Trog
   489 | D:2      | Reached XP level 6. HP: 61/61 MP: 5/5
  1319 | D:2      | Found a faded altar of an unknown god.
  1392 | D:2      | Reached ** piety under Trog
  1417 | D:2      | Reached skill level 5 in Unarmed Combat
  2508 | D:4      | Reached XP level 7. HP: 66/68 MP: 6/6
  2525 | D:4      | Identified the +4 falchion "Worm's Wrath" {venom, rC+}
  2530 | D:4      | Found an iron altar of Okawaru.
  2740 | D:4      | Found an ancient bone altar of Kikubaaqudgha.
  2792 | D:4      | Found a burning altar of Makhleb.
  3180 | D:5      | Found a basalt altar of Yredelemnul.
  3270 | D:5      | Reached skill level 6 in Unarmed Combat
  3279 | D:5      | Found a shimmering altar of Xom.
  3285 | D:5      | Reached *** piety under Trog
  3355 | D:5      | Reached XP level 8. HP: 66/79 MP: 7/7
  3599 | D:5      | Found Wuygg's Assorted Antiques.
  3610 | D:5      | Reached skill level 7 in Unarmed Combat
  3613 | D:5      | Bought a scroll labelled NOUSMI KUQE for 27 gold pieces
  3613 | D:5      | Bought a scroll of identify for 54 gold pieces
  3613 | D:5      | Bought a glowing brass wand for 108 gold pieces
  4175 | D:6      | Identified a scroll of acquirement
  4175 | D:6      | Acquired the +2 hat "Ejint" {rF+ Int+5}
  4208 | D:6      | Reached skill level 5 in Fighting
  4217 | D:6      | Reached skill level 8 in Unarmed Combat
  4236 | D:6      | Found Peuluro's Antique Weapon Emporium.
  4382 | D:6      | Found a staircase to the Ecumenical Temple.
  4408 | D:6      | Reached **** piety under Trog
  4534 | D:6      | Reached skill level 5 in Dodging
  4692 | D:6      | Reached XP level 9. HP: 88/88 MP: 8/8
  4762 | D:7      | Reached skill level 9 in Unarmed Combat
  4883 | D:7      | Found a snail-covered altar of Cheibriados.
  5095 | D:7      | Reached skill level 10 in Unarmed Combat
  5188 | D:7      | Found a stormy altar of Qazlal.
  5371 | D:8      | Found a hide-covered altar of Uskayaw.
  5402 | D:8      | Reached ***** piety under Trog
  5455 | D:8      | Noticed Erica
  5463 | D:8      | Killed Erica
  5464 | D:8      | Reached XP level 10. HP: 100/100 MP: 9/9
  5593 | D:8      | Found a transporter.
  5607 | D:8      | Found a transporter.
  5645 | D:8      | Identified the ring "Qyusix" {Ice Dex+5}
  5661 | D:8      | Found a radiant altar of Vehumet.
  5671 | D:8      | Reached skill level 5 in Shapeshifting
  5740 | D:8      | Found an opulent altar of Gozag.
  5856 | D:8      | Identified the +0 buckler of Parts Unknown {Int+3 Dex+5}
  5906 | D:8      | Noticed Livid's ghost (novice DjSh)
  6098 | D:9      | Noticed Prince Ribbit
  6135 | D:9      | Killed Prince Ribbit
  6318 | D:9      | Found a staircase to the Lair.
  6548 | D:10     | Entered Level 10 of the Dungeon
  6563 | D:10     | Found an ornate altar of the Wu Jian Council.
  6564 | D:10     | Found a sparkling altar of Nemelex Xobeh.
  6645 | D:10     | Noticed Josephine
  6659 | D:10     | Killed Josephine
  6659 | D:10     | Received a gift from Trog
  6662 | D:10     | Reached XP level 11. HP: 98/107 MP: 6/10
  6665 | D:10     | Reached skill level 11 in Unarmed Combat
  6775 | D:10     | Found a staircase to the Orcish Mines.
  7159 | Orc:1    | Entered Level 1 of the Orcish Mines
  7159 | Orc:1    | Noticed an orc sorcerer
  7162 | Orc:1    | Noticed an orc knight
  7171 | D:10     | Killed an orc sorcerer
  7207 | D:10     | Killed an orc knight
  7261 | Orc:1    | Noticed a two-headed ogre
  7261 | Orc:1    | Noticed an ogre mage
  7286 | D:10     | Killed a two-headed ogre
  7544 | Orc:1    | Killed an ogre mage
  7545 | Orc:1    | Reached skill level 12 in Unarmed Combat
  7560 | Orc:1    | Found a burning altar of Makhleb.
  7630 | Orc:1    | Noticed an orc sorcerer
  7638 | Orc:1    | Killed an orc sorcerer
  7675 | Orc:1    | Found Wyloewy's Antique Weapon Boutique.
  7851 | Orc:2    | Entered Level 2 of the Orcish Mines
  7851 | Orc:2    | Found a staircase to the Elven Halls.
  7859 | Orc:2    | Noticed an orc sorcerer
  7859 | Orc:2    | Noticed an orc sorcerer
  7859 | Orc:2    | Noticed an orc knight
  7860 | Orc:2    | Noticed an orc sorcerer
  7877 | Orc:2    | Killed an orc sorcerer
  7889 | Orc:1    | Killed an orc knight
  7996 | Orc:2    | Noticed a soul eater
  8024 | Orc:2    | Paralysed by an orc sorcerer for 5 turns
  8032 | Orc:1    | Killed an orc sorcerer
  8146 | Orc:2    | Killed an orc sorcerer
  8464 | Orc:2    | Noticed a two-headed ogre
  8485 | Orc:2    | Killed a two-headed ogre
  8486 | Orc:2    | Reached skill level 13 in Unarmed Combat
  8486 | Orc:2    | Reached XP level 12. HP: 72/119 MP: 6/11
  8551 | Orc:2    | Noticed a two-headed ogre
  8556 | Orc:2    | Killed a two-headed ogre
  8572 | Orc:2    | Noticed an ogre mage
  8590 | Orc:2    | Killed an ogre mage
  8606 | Orc:2    | Noticed a two-headed ogre
  8610 | Orc:2    | Noticed a two-headed ogre
  8615 | Orc:2    | Killed a two-headed ogre
  8623 | Orc:2    | Killed a two-headed ogre
  8638 | Orc:2    | Noticed an ogre mage
  8646 | Orc:2    | Killed an ogre mage
  8696 | Orc:2    | Noticed a two-headed ogre
  8703 | Orc:2    | Killed a two-headed ogre
  8709 | Orc:2    | Noticed a two-headed ogre
  8709 | Orc:2    | Noticed a two-headed ogre
  8719 | Orc:2    | Killed a two-headed ogre
  8720 | Orc:2    | Reached skill level 14 in Unarmed Combat
  8730 | Orc:2    | Noticed a two-headed ogre
  8730 | Orc:2    | Noticed a two-headed ogre
  8738 | Orc:2    | Killed a two-headed ogre
  8744 | Orc:2    | HP: 7/183 [two-headed ogre/+0 dire flail (13)]
  8745 | Orc:2    | Noticed an ogre mage
  8746 | Orc:2    | Slain by a two-headed ogre

Illustrated notes

Levels and vault maps discovered:
D:1:      kennysheep_arrival_forest, layout_rooms, hangedman_decor_points
D:2:      layout_rooms, shapermc_ecumenical_altar_hornbeckon, serial_bayou,
          serial_bayou_pond_b, serial_bayou_ford_a, serial_bayou_lake_a,
          serial_bayou_pond_e, dk_vineyard_3
D:3:      layout_loops_ring, chequers_decorated_corner
D:4:      layout_loops_cross, mainiacjoe_overflow_chevrons,
          kennysheep_okawaru_gauntlet, kiku_gazebo_garden_becter
D:5:      layout_loops_ring, led_xom_imps, mainiacjoe_overflow_cross_hatched,
          mainiacjoe_overflow_concentric_impassable, serial_rivers,
          chequers_serial_rivers_room_a, chequers_serial_rivers_small_3,
          chequers_serial_rivers_small_b, chequers_serial_rivers_small_3,
          serial_shops, shop, minmay_misc_feat_hallway, minmay_bent
D:6:      layout_basic, minmay_temple_entry_junction_2, serial_shops,
          shop_statue
D:7:      minmay_angry_zag, layout_rooms, mainiacjoe_overflow_alcove_4,
          mainiacjoe_overflow_small_starburst, worms_lemuel
D:8:      layout_gridville, eat_drink_and_be_merry_uskayaw,
          nicolae_vehumet_radiance, mainiacjoe_overflow_paths,
          gammafunk_ghost_gnarly_gnolls, uniq_erica
D:9:      layout_cave_pools, lair_entry_dummy, uniq_prince_ribbit1
D:10:     layout_roguey, gammafunk_temple_overflow_pools, orc_0_dummy,
          uniq_josephine
Orc:1:    layout_caves, serial_shops, nicolae_shop_waterfront, basic_altar
Orc:2:    st_orc_ogre_mass, layout_diamond_mine

Skill      XL: |  1  2  3  4  5  6  7  8  9 10 11 12 |
---------------+-------------------------------------+-----
Dodging        | 2 3 4 5 6 7 8 |  8.6
Unarmed Combat | 3 4 5 6 8 10 13 14 | 14.1
Fighting       | 3 4 5 6 8 |  8.8
Shapeshifting  | 3 7 |  7.0
Stealth        | |  2.7

Action                     |  1- 3 |  4- 6 |  7- 9 | 10-12 || total
---------------------------+-------+-------+-------+-------++-------
  Melee: Unarmed           |    10 |   229 |   344 |   398 ||   981
         Punch             |       |     4 |    14 |    26 ||    44
  Throw: Stone             |       |     7 |     5 |       ||    12
         Boomerang         |       |       |    15 |    16 ||    31
 Invoke: Trog's Hand       |       |     1 |     5 |    13 ||    19
         Berserk           |       |       |     1 |     4 ||     5
         Brothers in Arms  |       |       |       |     1 ||     1
Ability: Begin Untransform |       |       |       |     1 ||     1
    Use: Potion            |       |     2 |       |     4 ||     6
         Scroll            |       |    12 |     7 |     3 ||    22
   Stab: Sleeping          |       |     7 |     2 |       ||     9
         Distracted        |       |       |       |     1 ||     1
 Armour: Robe              |     2 |   121 |   171 |    57 ||   351
         Steam dragon scal |       |       |       |   164 ||   164
         Skin              |       |       |       |    36 ||    36
  Dodge: Dodged            |     3 |   130 |   225 |   358 ||   716
   Form: Flux              |       |       |       |     1 ||     1

Table legend: (Time is in decaauts)
 A = Elapsed time spent in this place.
 B = Non-inter-level travel time spent in this place.
 C = Inter-level travel time spent in this place.
 D = Time resting spent in this place.
 E = Time spent auto-exploring this place.
 F = Levels seen in this place.
 G = Mean time per level.
                   A        B        C        D        E       F      G
               +--------+--------+--------+--------+--------+-----+--------+
         Total |   8649 |   8352 |    297 |   1266 |   4865 |  12 |  720.8 |
       Dungeon |   7441 |   7169 |    272 |    796 |   4573 |  10 |  744.1 |
  Orcish Mines |   1207 |   1182 |     25 |    470 |    292 |   2 |  603.5 |
               +--------+--------+--------+--------+--------+-----+--------+

Top non-repeatable levels by time:
     D:5: 1199 daAuts
     D:3: 1063 daAuts
    D:10: 964 daAuts
     D:4: 746 daAuts
   Orc:2: 689 daAuts
     D:7: 636 daAuts
     D:9: 629 daAuts
     D:2: 621 daAuts
     D:6: 539 daAuts
     D:8: 532 daAuts
   Orc:1: 518 daAuts
     D:1: 507 daAuts
